 Seeded DCSS version 0.28.0-53-g5a82cb258f (webtiles) character file.

Game seed: 20220717 (custom seed)

24039 Kazon the Prestidigitator (level 12, -9/112 HPs)
             Began as a Deep Dwarf Berserker on July 29, 2022.
             Was a High Priest of Trog.
             Killed from afar by a swamp worm (21 damage)
             ... with a harpoon shot
             ... on level 2 of the Lair of Beasts.
             The game lasted 00:55:12 (10006 turns).

Kazon the Prestidigitator (Deep Dwarf Berserker)   Turns: 10006, Time: 00:55:13

Health: -9/112     AC: 16    Str: 21    XL:     12   Next: 77%
Magic:  12/12      EV: 20    Int:  7    God:    Trog [*****.]
Gold:   724        SH:  0    Dex: 20    Spells: 11/11 levels left

rFire   . . .      SeeInvis .   e - +7 short sword of Punishment {venom, +Blink Fly rPois rC-}
rCold   x . .      Faith    .   c - +0 kite shield
rNeg    + + +      Spirit   .   A - +0 pearl dragon scales
rPois   +          Reflect  +   B - +0 helmet
rElec   .          Harm     .   u - +0 cloak
rCorr   .          Rampage  .   (no gloves)
Will    ++++.                   (no boots)
Stlth   ..........              R - amulet of reflection
HPRegen 1.00/turn               w - +4 ring of evasion
MPRegen 0.13/turn               h - ring of Atzimugi {rN++ Will+ EV+4 Int-2 Dex+4}

@: confused, ambrosia-drunk, strong-willed, flying, regenerating
A: damage resistance, heal wounds, sense surroundings 2, no regeneration
a: Heal Wounds, Renounce Religion, Evoke Blink, Berserk, Trog's Hand, Brothers
in Arms


You were on level 2 of the Lair of Beasts.
You worshipped Trog.
Trog was extremely pleased with you.
You visited 2 branches of the dungeon, and saw 13 of its levels.

You collected 822 gold pieces.
You spent 98 gold pieces at shops.

Inventory:

Hand Weapons
 a - a +3 scimitar
 e - the +7 short sword of Punishment (weapon) {venom, +Blink Fly rPois rC-}
   (You found it on level 4 of the Dungeon)

   It poisons the flesh of those it strikes.
   rC:        It makes you vulnerable to cold.
   rPois:     It protects you from poison.
   Fly:       It grants you flight.
   +Blink:    It lets you blink.
 q - the +7 whip of Dishonour {vamp, Will+ rCorr Str+3 Dex-5}
   (You found it on level 3 of the Dungeon)

   It occasionally heals its wielder for a portion of the damage dealt when it
   wounds a living foe.
   Str:       It affects your strength (+3).
   Dex:       It affects your dexterity (-5).
   rCorr:     It protects you from acid and corrosion.
   Will:      It increases your willpower.
 s - a +1 spectral quarterstaff
Missiles
 o - 23 poisoned darts
 r - 10 boomerangs (quivered)
 M - 5 throwing nets
 N - 404 stones
 O - 9 curare-tipped darts
 Q - 8 javelins
Armour
 c - a +0 kite shield (worn)
 u - a +0 cloak (worn)
 A - +0 pearl dragon scales (worn)
 B - a +0 helmet (worn)
Jewellery
 f - a ring of protection from cold
 h - the ring of Atzimugi (right hand) {rN++ Will+ EV+4 Int-2 Dex+4}
   (You found it on level 4 of the Dungeon)

   [ring of evasion]

   EV:        It affects your evasion (+4).
   Int:       It affects your intelligence (-2).
   Dex:       It affects your dexterity (+4).
   rN:        It greatly protects you from negative energy.
   Will:      It increases your willpower.
 w - a +4 ring of evasion (left hand)
 R - an amulet of reflection (around neck)
 X - a ring of fire
Wands
 j - a wand of charming (4)
 m - a wand of flame (40)
 t - a wand of polymorph (8)
 F - a wand of paralysis (15)
 V - a wand of acid (5)
Scrolls
 i - a scroll of identify
 k - a scroll of amnesia {unknown}
 l - a scroll of fear {unknown}
 n - 5 scrolls of enchant weapon {unknown}
 v - a scroll of noise {unknown}
 y - 8 scrolls of teleportation {unknown}
 C - 2 scrolls of enchant armour {unknown}
 D - a scroll of acquirement {unknown}
 H - a scroll of holy word {unknown}
 I - 3 scrolls of fog {unknown}
 J - a scroll of vulnerability {unknown}
 S - 3 scrolls of immolation {unknown}
 T - a scroll of magic mapping {unknown}
 W - 2 scrolls of blinking {unknown}
 Y - a scroll of silence {unknown}
Potions
 b - 3 potions of might
 d - 7 potions of heal wounds
 g - 7 potions of curing
 p - a potion of lignification
 x - a potion of mutation
 z - a potion of resistance
 E - 2 potions of ambrosia
 G - 3 potions of haste {unknown}
 L - 2 potions of berserk rage {unknown}
 P - 2 potions of cancellation {unknown}
Miscellaneous
 K - a lightning rod (4/4)
 U - a tin of tremorstones (2/2)


   Skills:
 * Level 8.7 Fighting
 * Level 7.5(7.6) Short Blades
 + Level 1.8(5.5) Long Blades
 + Level 10.4(10.5) Maces & Flails
 + Level 1.6(6.2) Staves
 + Level 4.8 Throwing
 + Level 7.7 Armour
 + Level 6.2 Dodging
 + Level 4.1 Stealth
 + Level 6.5 Shields
 * Level 11.1 Evocations


You had 11 spell levels left.
You didn't know any spells.
Your spell library was empty.

Dungeon Overview and Level Annotations

Branches:
Dungeon (11/15)            Temple (0/1) D:7            Lair (2/6) D:9
  Snake (0/4) Lair:2          Orc (0/2) D:10
  Swamp: Lair:2-4    Shoals: Lair:2-4

Altars:
Cheibriados
Dithmenos
Fedhas
Gozag
Hepliaklqana
Kikubaaqudgha
Sif Muna
Trog
Uskayaw
Vehumet
Wu Jian
Xom
Yredelemnul

Shops:
D:8 *

Annotations:
D:4 2 transporters
Lair:2 1 transporter


Innate Abilities, Weirdness & Mutations

You are resistant to damage.
You can heal yourself by infusing magical energy.
You passively map the area around you.
You do not regenerate.


Message History

Unknown command.
You blink.
The swamp worm fires a harpoon shot at you.
The harpoon shot hits you.
You are yanked forward by the harpoon shot.
The swamp worm fires a harpoon shot at you.
The harpoon shot misses you.
The swamp worm fires a harpoon shot at you.
The harpoon shot hits you but does no damage.
You are confused.
You feel invigorated. The swamp worm bites you!
* * * LOW HITPOINT WARNING * * *
The swamp worm fires a harpoon shot at you.
The harpoon shot misses you.
The swamp worm fires a harpoon shot at you.
The harpoon shot misses you. The swamp worm bites you!
* * * LOW HITPOINT WARNING * * *
The swamp worm fires a harpoon shot at you.
The harpoon shot hits you!
* * * LOW HITPOINT WARNING * * *
You are yanked forward by the harpoon shot.
You collide with the briar patch!
The briar patch is almost destroyed.
Okay, then.
You feel much better.
You feel stable enough to blink again.
The swamp worm fires a harpoon shot at you.
The harpoon shot hits you.
You are yanked forward by the harpoon shot.
You collide with the briar patch!
The briar patch is destroyed!
* * * LOW HITPOINT WARNING * * *
The swamp worm fires a harpoon shot at you.
The harpoon shot hits you!!
* * * LOW HITPOINT WARNING * * *
You are yanked forward by the harpoon shot.
The swamp worm misses you.
The swamp worm fires a harpoon shot at you.
The harpoon shot hits you!!
You die...

P≈... ≈≈.#.....P......P....#....
...>. ≈≈..................####+.
..P.≈..≈≈..................####..
≈≈.P..≈≈≈...................#.††#
≈≈..≈≈≈≈≈.....©............#....#
≈≈≈≈≈≈≈.....#####..........##...#
≈≈≈≈≈≈....###P©P###...#..#.######
...≈#.P...##§P^P§w#....#.#...####
...#.P....#w≈P^.@##..............
..........##§.^.≈w#....#.......#.
..........#w≈P§§###...##†#.PP..#.
..##......###○^.§♣#..##P.###P...#
..........#w≈P^P§##.......#.....#
..........##≈P○P≈w#.......P.#..#.
........(.####+####..............
............#!}!#.........##.....
............#[©=#........#.#####.


You could see 5 swamp worms.

Vanquished Creatures
  Erolcha (D:11)
  Harold (D:10)
  2 hydras
  3 death yaks
  A two-headed ogre (D:10)
  Sonja (D:11)
  A gargoyle (D:11)
  2 black mambas (Lair:1)
  Joseph (D:8)
  Psyche (D:9)
  3 torpor snails (Lair:1)
  4 cane toads
  4 komodo dragons
  An unseen horror (D:11)
  A troll (D:10)
  A polar bear (Lair:1)
  2 hornets (D:11)
  Grinder (D:4)
  3 blink frogs (Lair:1)
  A shadow (D:10)
  27 yaks
  2 wyverns
  Grum (D:8)
  A hog (D:10)
  2 steam dragons
  Eustachio (D:5)
  A human (D:10)
  2 vampire mosquitoes (D:10)
  Menkaure (D:6)
  2 nagas (Lair:2)
  An acid dragon (D:10)
  2 water moccasins
  2 ice beasts
  3 orc warriors
  A sky beast (D:6)
  5 wolves
  An ogre (D:4)
  5 centaurs
  3 phantoms
  6 kobold brigands
  4 bullfrogs
  2 gnoll sergeants (D:8)
  6 scorpions
  A water moccasin zombie (D:5)
  A wyvern skeleton (D:6)
  2 troll zombies (D:10)
  2 water moccasin skeletons (D:7)
  10 killer bees
  3 wights (D:9)
  3 howler monkeys
  2 centaur zombies
  5 hounds
  2 jellies
  2 bullfrog skeletons (D:6)
  2 gnoll shamans
  3 orc priests
  Crazy Yiuf (D:4)
  2 iguanas
  7 orc wizards
  A scorpion zombie (D:5)
  4 hell rats (Lair:2)
  Terence (D:2)
  A killer bee zombie (D:7)
  6 ogre zombies (D:10)
  A hound skeleton (D:5)
  A howler monkey zombie (D:7)
  9 gnolls
  10 river rats
  5 adders
  A shadow imp (D:5)
  A white imp (D:6)
  An ufetubus (D:6)
  An adder skeleton (D:4)
  3 worms
  5 dart slugs
  22 orcs
  6 bats
  6 endoplasms
  4 giant cockroaches
  4 goblins
  4 hobgoblins
  3 jackals (D:1)
  22 kobolds
  6 quokkas
  7 ball pythons
  2 frilled lizards
  2 goblin skeletons (D:10)
  4 goblin zombies (D:10)
  2 hobgoblin skeletons (D:10)
  2 hobgoblin zombies (D:10)
  15 orc zombies (D:10)
  14 rats
  A briar patch (Lair:2)
341 creatures vanquished.

Vanquished Creatures (collateral kills)
  A two-headed ogre (D:9)
  A death yak (D:9)
2 creatures vanquished.

Vanquished Creatures (others)
  3 briar patches (Lair:2)
  A bush (D:5)
  3 fungi
  12 plants
19 creatures vanquished.

Grand Total: 362 creatures vanquished

Notes
Turn   | Place    | Note
-------+----------+-------------------------------------------
     0 | D:1      | Kazon the Deep Dwarf Berserker began the quest for the Orb.
     0 | D:1      | Reached XP level 1. HP: 20/20 MP: 1/1
    70 | D:1      | Reached XP level 2. HP: 21/28 MP: 2/2
   390 | D:1      | Reached XP level 3. HP: 31/34 MP: 3/3
   607 | D:2      | Noticed Terence
   617 | D:2      | Killed Terence
   641 | D:2      | Found a faded altar of an unknown god.
   685 | D:2      | You fall into a shaft and drop 1 floor!
   709 | D:2      | Reached XP level 4. HP: 30/42 MP: 4/4
   731 | D:2      | Reached ** piety under Trog
  1180 | D:3      | Identified the +7 whip of Dishonour {vamp, Will+ rCorr
                  | Str+3 Dex-5}
  1359 | D:3      | Reached skill level 1 in Evocations
  1508 | D:3      | Found a basalt altar of Yredelemnul.
  1516 | D:3      | Reached skill level 1 in Throwing
  1634 | D:4      | Noticed Grinder
  1638 | D:4      | Identified the ring of Atzimugi {rN++ Will+ EV+4 Int-2
                  | Dex+4}
  1662 | D:4      | Killed Grinder
  1663 | D:4      | Reached skill level 2 in Evocations
  1663 | D:4      | Reached XP level 5. HP: 50/50 MP: 5/5
  1663 | D:4      | Reached XP level 6. HP: 57/57 MP: 6/6
  1675 | D:4      | Noticed Edmund
  1680 | D:4      | Noticed Edmund
  1680 | D:4      | Edmund changed into Edmund the wolf
  1689 | D:4      | Killed Edmund the wolf
  1690 | D:4      | Reached skill level 5 in Maces & Flails
  1696 | D:4      | Found a transporter.
  1764 | D:4      | Found a runed translucent door.
  1765 | D:4      | Noticed Crazy Yiuf
  1771 | D:4      | Killed Crazy Yiuf
  1772 | D:4      | Reached skill level 1 in Stealth
  1845 | D:4      | Reached skill level 3 in Evocations
  1845 | D:4      | Reached XP level 7. HP: 49/64 MP: 7/7
  1911 | D:4      | Noticed a +0 hand axe
  1911 | D:4      | Noticed a +0 hand axe
  1915 | D:4      | Found a hide-covered altar of Uskayaw.
  1959 | D:4      | Reached *** piety under Trog
  2016 | D:4      | Identified the +7 short sword of Punishment {venom, +Blink
                  | Fly rPois rC-}
  2076 | D:4      | Found a transporter.
  2077 | D:4      | Noticed a fire bat
  2077 | D:4      | Noticed a fire bat
  2131 | D:5      | Entered Level 5 of the Dungeon
  2173 | D:5      | Noticed Eustachio
  2193 | D:5      | Killed Eustachio
  2194 | D:5      | Reached skill level 1 in Short Blades
  2194 | D:5      | Reached skill level 4 in Evocations
  2273 | D:5      | Noticed a steam dragon
  2303 | D:5      | Killed a steam dragon
  2304 | D:5      | Reached XP level 8. HP: 32/73 MP: 8/8
  2834 | D:6      | Noticed Menkaure
  2840 | D:6      | Killed Menkaure
  2841 | D:6      | Reached skill level 5 in Evocations
  2849 | D:6      | Reached skill level 5 in Fighting
  2981 | D:6      | Found a blossoming altar of Fedhas.
  3039 | D:6      | Reached **** piety under Trog
  3177 | D:6      | Gained mutation: You passively map the area around you.
                  | [Deep Dwarf growth]
  3177 | D:6      | Reached XP level 9. HP: 73/81 MP: 9/9
  3454 | D:6      | Found a shadowy altar of Dithmenos.
  3755 | D:7      | Found a staircase to the Ecumenical Temple.
  3765 | D:6      | Reached skill level 6 in Evocations
  3782 | D:6      | Reached skill level 5 in Armour
  4008 | D:7      | Reached ***** piety under Trog
  4711 | D:8      | Reached XP level 10. HP: 91/91 MP: 10/10
  4933 | D:8      | Noticed Grum
  4973 | D:8      | Killed Grum
  5073 | D:8      | Reached skill level 7 in Evocations
  5154 | D:8      | Found a hazy altar of Hepliaklqana.
  5154 | D:8      | Found a faded altar of an unknown god.
  5186 | D:8      | Noticed Joseph
  5214 | D:8      | Killed Joseph
  5236 | D:8      | Found Plog's General Store.
  5247 | D:8      | Bought a scroll of identify for 28 gold pieces
  5247 | D:8      | Bought a potion of heal wounds for 70 gold pieces
  5786 | D:9      | Found an ornate altar of the Wu Jian Council.
  5876 | D:9      | Received a gift from Trog
  5888 | D:9      | Reached skill level 5 in Dodging
  5954 | D:9      | Reached skill level 5 in Short Blades
  5994 | D:9      | Reached skill level 1 in Shields
  6160 | D:9      | Noticed a two-headed ogre
  6166 | D:9      | Noticed a death yak
  6179 | D:9      | Noticed a death yak
  6185 | D:9      | Noticed a death yak
  6191 | D:9      | Killed a death yak
  6198 | D:9      | Killed a two-headed ogre
  6199 | D:9      | Reached skill level 8 in Evocations
  6201 | D:9      | Killed a death yak
  6202 | D:9      | Reached XP level 11. HP: 77/100 MP: 11/11
  6211 | D:9      | Killed a death yak
  6272 | D:9      | Found a staircase to the Lair.
  6450 | D:9      | Found a bloodstained altar of Trog.
  6481 | D:9      | Noticed Psyche
  6488 | D:9      | Killed Psyche
  6565 | D:9      | Found an ancient bone altar of Kikubaaqudgha.
  6570 | D:9      | Found a shimmering blue altar of Sif Muna.
  6573 | D:9      | Found a radiant altar of Vehumet.
  6616 | D:10     | Entered Level 10 of the Dungeon
  6721 | D:10     | Found a shimmering altar of Xom.
  6724 | D:10     | Noticed a two-headed ogre
  6737 | D:10     | Killed a two-headed ogre
  6883 | D:10     | Found an opulent altar of Gozag.
  7094 | D:10     | Reached skill level 1 in Long Blades
  7215 | D:10     | Found a staircase to the Orcish Mines.
  7222 | D:10     | Received a gift from Trog
  7240 | D:10     | Reached skill level 9 in Evocations
  7371 | D:10     | Reached skill level 1 in Staves
  7571 | D:10     | Noticed Harold
  7587 | D:10     | Killed Harold
  7868 | D:11     | Noticed an eight-headed hydra
  7880 | D:11     | Killed an eight-headed hydra
  7983 | D:11     | Noticed Sonja
  8004 | D:11     | Killed Sonja
  8178 | D:11     | Reached skill level 5 in Shields
  8198 | D:11     | Reached XP level 12. HP: 86/110 MP: 12/12
  8389 | D:11     | Noticed Erolcha
  8406 | D:11     | Killed Erolcha
  8407 | D:11     | Reached skill level 10 in Evocations
  8539 | Lair:1   | Entered Level 1 of the Lair of Beasts
  8651 | Lair:1   | Found a snail-covered altar of Cheibriados.
  9089 | Lair:1   | Reached skill level 10 in Maces & Flails
  9588 | Lair:2   | Found a transporter.
  9653 | Lair:2   | Found a staircase to the Snake Pit.
  9769 | Lair:2   | Noticed a seven-headed hydra
  9787 | Lair:2   | Killed a seven-headed hydra
  9788 | Lair:2   | Reached skill level 11 in Evocations
  9792 | Lair:2   | Noticed a death yak
  9822 | Lair:2   | Killed a death yak
  9930 | Lair:2   | Received a gift from Trog
  9982 | Lair:2   | Found a transporter.
 10006 | Lair:2   | Killed from afar by a swamp worm

Illustrated notes

Levels and vault maps discovered:
D:1:      minmay_arrival_loop, layout_basic, minmay_octomino_e4
D:2:      layout_rooms, shapermc_ecumenical_altar_acropolis, uniq_terence
D:3:      layout_basic, mainiacjoe_overflow_alcove_4
D:4:      gammafunk_cloud_chamber, layout_rooms, dancing_weapons_uskayaw,
          uniq_crazy_yiuf_cottage, uniq_edmund, uniq_grinder
D:5:      layout_loops_ring, kb_lookout_dungeons_type, minmay_splitting_lines,
          chequers_serial_rivers_micro_c, uniq_eustachio
D:6:      layout_loops_ring, mainiacjoe_overflow_tiny_flanked, fedhas_altar_4,
          grunt_ministairs_9, uniq_menkaure
D:7:      layout_cave_pods, minmay_temple_entry_gardened_gates
D:8:      layout_loops_ring, beargit_hepliaklqana_dungeon_heroes, serial_shops,
          shop_statue, amcnicky_mini_corridor_feature, corexii_checkpoint_a,
          grunt_tough_drop, uniq_joseph, uniq_grum
D:9:      layout_roguey, grunt_temple_overflow_magic_moments,
          mainiacjoe_overflow_cross_hatched, mainiacjoe_overflow_chevrons,
          dpeg_lair_monsters, uniq_psyche
D:10:     layout_stronghold, nicolae_gozag_seed_capital,
          nicolae_overflow_hidden_temple, zombieorc2_lemuel, grunt_livestock,
          feat_on_display, uniq_harold
D:11:     layout_loops_ring, uniq_erolcha, uniq_sonja
Lair:1:   layout_long_grid, kennysheep_snail_temple, grunt_megastairs_1
Lair:2:   gammafunk_worm_tunnel, layout_gridlike, guppyfry_snake_entry_island,
          enter_volcano_3, kennysheep_abandoned_house

Skill      XL: |  1  2  3  4  5  6  7  8  9 10 11 12 |
---------------+-------------------------------------+-----
Fighting       | 3 4 5 6 7 8 |  8.7
Maces & Flails | 4 5 6 7 8 9 10 | 10.4
Evocations     | 2 3 4 5 6 8 9 11 | 11.1
Throwing       | 1 2 4 |  4.8
Dodging        | 3 4 5 6 |  6.2
Armour         | 3 4 5 6 7 |  7.7
Stealth        | 1 2 4 |  4.1
Short Blades   | 1 3 4 5 6 7 |  7.5
Shields        | 2 5 6 |  6.5
Long Blades    | 1 |  1.8
Staves         | 1 |  1.6

Action                   |  1- 3 |  4- 6 |  7- 9 | 10-12 || total
-------------------------+-------+-------+-------+-------++-------
Melee: Mace              |    35 |       |       |       ||    35
       Whip              |    40 |   106 |   421 |   901 ||  1468
       Punch             |     1 |     2 |     4 |     5 ||    12
       Short sword       |       |       |    14 |    66 ||    80
       Scimitar          |       |       |       |    47 ||    47
       Quarterstaff      |       |       |       |    37 ||    37
Throw: Stone             |    27 |    29 |    67 |   106 ||   229
       Dart              |       |       |    12 |    20 ||    32
       Boomerang         |       |       |     1 |     2 ||     3
Invok: Berserk           |       |       |       |     2 ||     2
       Brothers in Arms  |       |       |       |     1 ||     1
       Trog's Hand       |       |       |       |     1 ||     1
 Abil: Heal Wounds       |     1 |     1 |     2 |     1 ||     5
       Evoke Blink       |       |       |       |     2 ||     2
Evoke: Wand              |       |     1 |     3 |     2 ||     6
       Lightning rod     |       |       |       |     2 ||     2
  Use: Scroll            |       |       |     4 |     5 ||     9
       Potion            |       |       |       |     3 ||     3
 Stab: Sleeping          |     1 |       |       |       ||     1
       Paralysed         |       |       |       |    10 ||    10
Armor: Animal skin       |    10 |       |       |       ||    10
       Scale mail        |     2 |    29 |    13 |       ||    44
       Pearl dragon scal |       |       |    89 |   144 ||   233
Dodge: Dodged            |    39 |    55 |   322 |   524 ||   940
Block: Kite shield       |       |       |       |   516 ||   516
       Reflection        |       |       |       |    12 ||    12
       Other             |       |       |       |     2 ||     2
